 Dungeon Crawl Stone Soup version 0.23.0 (webtiles) character file.

Game seed: 5392462837282276809

3 LostNumber the Skirmisher (level 1, 0/18 HPs)
             Began as a Demonspawn Abyssal Knight on Feb 10, 2019.
             Was an Initiate of Lugonu.
             Slain by an ooze (3 damage)
             ... on level 1 of the Dungeon.
             The game lasted 00:00:43 (162 turns).

LostNumber the Skirmisher (DsAK)                     Turns: 162, Time: 00:00:44

Health: 0/18       AC:  3    Str: 12    XL:     1   Next: 41%
Magic:  2/2        EV: 11    Int: 13    God:    Lugonu [......]
Gold:   0          SH:  0    Dex: 12    Spells: 0/0 levels left

rFire    . . .     SeeInvis .   a - +1 hand axe
rCold    . . .     Gourm    .   (no shield)
rNeg     . . .     Faith    .   b - +0 leather armour
rPois    .         Spirit   .   (no helmet)
rElec    .         Reflect  .   (no cloak)
rCorr    .         Harm     .   (no gloves)
MR       .....                  (no boots)
Stlth    +.........             (no amulet)
HPRegen  0.06/turn              (no ring)
MPRegen  0.08/turn              (no ring)

@: no status effects
A: no striking features
a: Renounce Religion


You were on level 1 of the Dungeon.
You worshipped Lugonu.
Lugonu was noncommittal.
You were not hungry.

You visited 1 branch of the dungeon, and saw 1 of its levels.
You visited the Abyss 1 time.

Inventory:

Hand Weapons
 a - a +1 hand axe (weapon)
Armour
 b - a +0 leather armour (worn)
Comestibles
 c - 2 chunks of flesh
 e - a ration {!d}


   Skills:
 + Level 3.0 Fighting
 * Level 1.9 Axes
 - Level 1.7 Armour
 - Level 0.8 Dodging
 + Level 2.5 Invocations


You couldn't memorise any spells.
You didn't know any spells.
Your spell library was empty.

Dungeon Overview and Level Annotations

Branches:
Dungeon (1/15)

Altars:


Message History

The kobold shouts!
Found a ring mail.
The kobold throws a stone.
The stone barely misses you.
The kobold throws a stone.
The stone misses you. The kobold hits you but does no damage.
Found 23 stones.
You closely miss the kobold. The kobold hits you but does no damage.
You hit the kobold but do no damage. You hit the kobold.
You kill the kobold!
Lugonu accepts your kill. The kobold hits you but does no damage.
A kobold comes into view.
The kobold shouts!
You hit the kobold.
You kill the kobold!
Lugonu accepts your kill.
The kobold throws a stone.
The stone hits you but does no damage.
The kobold throws a stone.
The stone hits you but does no damage.
You see here a stone.
The kobold throws a stone.
The stone hits you.
You see here a stone.
The kobold throws a stone.
The stone hits you but does no damage.
You see here a stone.
An ooze comes into view.
The kobold hits you.
You hit the kobold. The kobold hits you.
You closely miss the kobold.
The ooze jiggles.
The kobold completely misses you.
You barely miss the kobold. You hit the ooze but do no damage.
The ooze hits you but does no damage. The kobold barely misses you.
The ooze misses you. The kobold hits you.
You barely miss the kobold. You hit the ooze. The ooze barely misses you.
The kobold closely misses you.
You hit the ooze. You hit the kobold. The ooze hits you.
* * * LOW HITPOINT WARNING * * *
The kobold hits you but does no damage.
You hit the kobold. You hit the ooze but do no damage.
The ooze closely misses you. The kobold hits you.
* * * LOW HITPOINT WARNING * * *
You miss the kobold. You hit the ooze but do no damage. The ooze hits you.
* * * LOW HITPOINT WARNING * * *
The kobold hits you.
* * * LOW HITPOINT WARNING * * *
You closely miss the kobold. You hit the ooze but do no damage.
The ooze closely misses you. The kobold barely misses you.
The ooze barely misses you. The kobold barely misses you.
Unknown command.
You closely miss the kobold. You hit the ooze. The ooze hits you.
You die...

#.#######.############
##.......♣(♣..........
...#######(.........# #
##......#♣.♣().....(##.#
.........+..)(.........
.......###....(.....#
.......# #.....(....#
.......# #..$.......#
..8....# #......@...#
...♣...# #......KJ..#
....... ########......#
....... .###..# .......
.# .# ####### .+ # .# .#


You could see an ooze and a kobold.

Vanquished Creatures
  A hobgoblin (D:1)
  2 kobolds (D:1)
3 creatures vanquished.

Notes
Turn   | Place    | Note
-------+----------+-------------------------------------------
     0 | Abyss:1  | LostNumber the Demonspawn Abyssal Knight began the quest
                  | for the Orb.
     0 | Abyss:1  | Reached XP level 1. HP: 18/18 MP: 2/2
   112 | D:1      | Escaped the Abyss
   162 | D:1      | Slain by an ooze

Action                   || total
-------------------------++-------
Melee: Hand axe          ||    17
Invok: Depart the Abyss  ||     1
Armor: Leather armour    ||     5
Dodge: Dodged            ||    16
